 Dungeon Crawl Stone Soup version 0.27-a0-1188-g73eefd5def (webtiles) character file.

Game seed: 7269832383930386063

70 Glokmah the Magician (level 4, -2/33 HPs)
             Began as a Djinni Earth Elementalist on May 22, 2021.
             Was an Initiate of Makhleb.
             Slain by a goblin
             ... wielding a +0 dagger
             ... led by Robin
              (5 damage)
             ... on level 3 of the Dungeon.
             The game lasted 00:04:03 (2373 turns).

Glokmah the Magician (Djinni Earth Elementalist)    Turns: 2373, Time: 00:04:03

Health: -2/33      AC:  3    Str:  7    XL:     4   Next: 45%
Gold:   82         EV: 12    Int: 17    God:    Makhleb [......] SH:  0 Dex: 14

rFire    + + +     SeeInvis .   f - +0 spear
rCold    x . .     Faith    .   (no shield)
rNeg     . . .     Spirit   .   c - +0 robe
rPois    ∞         Reflect  .   (no helmet)
rElec    .         Harm     .   l - +0 cloak
rCorr    .         Rampage  .   (no gloves)
Will     .....                  (boots unavailable)
Stlth    ++........             (no amulet)
HPRegen  0.11/turn              d - ring of protection from fire
MPRegen  0.00/turn              (no ring)

@: flying
A: sickness immunity, fire resistance 2, cold vulnerability 1, float, innate
caster, hp casting, extra vitality 1
a: Renounce Religion


You were on level 3 of the Dungeon.
You worshipped Makhleb.
Makhleb was noncommittal.
You visited 1 branch of the dungeon, and saw 3 of its levels.

You collected 82 gold pieces.

Inventory:

Hand Weapons
 f - a +0 spear (weapon)
Missiles
 b - 32 stones
Armour
 c - a +0 robe (worn)
 l - a +0 cloak (worn)
Jewellery
 d - a ring of protection from fire (left hand)
 h - a ring of willpower
Scrolls
 e - a scroll of fog {unknown}
 g - a scroll of identify {unknown}
 j - a scroll of fear {unknown}
 k - a scroll of teleportation {unknown}
 n - a scroll of noise {unknown}
Potions
 i - a potion of degeneration {unknown}
 m - a potion of heal wounds {unknown}


   Skills:
 + Level 1.9 Fighting
 - Level 2.1 Dodging
 - Level 1.5 Stealth
 * Level 3.4 Spellcasting


You couldn't memorise any spells.
You knew the following spells:

 Your Spells              Type           Power      Damage    Failure   Level
a - Sandblast             Erth           28%        2d8       4%          1
b - Passwall              Tmut/Erth      11%        N/A       6%          2
c - Stone Arrow           Conj/Erth      28%        3d8       12%         3
d - Petrify               Tmut/Erth      14%        N/A       38%         4
e - Lee's Rapid Deconstr  Erth           7%         3d7*      75%         5
f - Foxfire               Conj/Fire      56%        2x1d6     4%          1
Your spell library was empty.

Dungeon Overview and Level Annotations

Branches:
Dungeon (3/15)

Altars:
Makhleb

Shops:
D:1 =   D:2 !

Annotations:
D:3 Robin


Innate Abilities, Weirdness & Mutations

You are immune to sickness and miasma.
You are immune to poison.
Your flesh is very heat resistant. (rF++)
You are vulnerable to cold. (rC-)
You float through the air rather than walking.
You learn spells naturally, not from books.
Your magical power is your life essence.
You have superior vitality. (+4 HP)


Message History

Aiming: Sandblast (safe; 4% risk of failure)
Press: ? - help, Shift-Dir - straight line, f/p - Robin
Aim: Robin, wielding a +0 spear, wearing a +2 animal skin and wearing a +1 helmet (85% to hit)
The blast of sand hits Robin but does no damage.
Casting: Sandblast (safe; 4% risk of failure)
Confirm with . or Enter, or press ? or * to list all spells.
Aiming: Sandblast (safe; 4% risk of failure)
Press: ? - help, Shift-Dir - straight line, f/p - Robin
Aim: Robin, wielding a +0 spear, wearing a +2 animal skin and wearing a +1 helmet (85% to hit)
The blast of sand hits Robin but does no damage.
Robin barely misses you.
Casting: Sandblast (safe; 4% risk of failure)
Confirm with . or Enter, or press ? or * to list all spells.
Aiming: Sandblast (safe; 4% risk of failure)
Press: ? - help, Shift-Dir - straight line, f/p - Robin
Aim: Robin, wielding a +0 spear, wearing a +2 animal skin and wearing a +1 helmet (85% to hit)
The blast of sand hits Robin.
Robin is moderately wounded.
The goblin shouts!
You hear a shout!
Robin throws the goblin at you! The hobgoblin hits you.
The goblin closely misses you.
The goblin shouts!
Casting: Sandblast (safe; 4% risk of failure)
Confirm with . or Enter, or press ? or * to list all spells.
Aiming: Sandblast (safe; 4% risk of failure)
Press: ? - help, Shift-Dir - straight line, f/p - Robin
Aim: Robin, wielding a +0 spear, wearing a +2 animal skin and wearing a +1 helmet (moderately wounded, 85% to hit)
The blast of sand hits Robin.
Robin is moderately wounded.
Robin hits you from afar with a +0 spear.
The hobgoblin hits you.
* * * LOW HITPOINT WARNING * * *
The goblin hits you with a +0 dagger.
* * * LOW HITPOINT WARNING * * *
Unknown command.
It was a potion of curing.
You feel better. Robin throws the goblin at you!
The hobgoblin barely misses you. The goblin hits you with a +0 dagger.
* * * LOW HITPOINT WARNING * * *
The goblin hits you with a +0 dagger.
You die...

#### ...(. .....
...... #####
....†.##... ...
.........####..#
.....#..>......
..g...g..g##..# .#
......#.@†#.. ##.#
#....##g.g#.#.##.#
####.gg...#.#.##.#
..g..........##.#
####.......####.#
#..#...#†<.##.##
...#....###.†...#
..###.#..# ###...#
..
........(...........


You could see Robin, 2 hobgoblins and 5 goblins.

Vanquished Creatures
  A hound skeleton (D:2)
  2 adders (D:2)
  An endoplasm (D:2)
  4 goblins
  4 hobgoblins
  4 jackals (D:2)
  2 quokkas
  6 ball pythons
  4 bats
  4 frilled lizards
  2 kobolds (D:2)
  6 rats
40 creatures vanquished.

Notes
Turn   | Place    | Note
-------+----------+-------------------------------------------
     0 | D:1      | Glokmah the Djinni Earth Elementalist began the quest for
                  | the Orb.
     0 | D:1      | Reached XP level 1. HP: 15/15 MP: 0/0
   299 | D:1      | Found Vuunu's Jewellery Boutique.
   399 | D:1      | Reached XP level 2. HP: 21/22 MP: 0/0
   843 | D:2      | Found a faded altar of an unknown god.
   897 | D:2      | Reached skill level 1 in Fighting
   897 | D:2      | Reached skill level 3 in Spellcasting
   897 | D:2      | Reached XP level 3. HP: 16/27 MP: 0/0
   897 | D:2      | Learned a level 1 spell: Foxfire
  1273 | D:2      | Found Jexu's Distillery.
  1306 | D:2      | Found a burning altar of Makhleb.
  1353 | D:2      | Became a worshipper of Makhleb the Destroyer
  1736 | D:2      | Reached XP level 4. HP: 25/32 MP: 0/0
  2165 | D:3      | Noticed Robin
  2372 | D:3      | HP: 1/33 [goblin/+0 dagger[Robin] (5)]
  2373 | D:3      | Slain by a goblin

Illustrated notes

Levels and vault maps discovered:
D:1:      dpeg_arrival_shelter, layout_basic, serial_shops, nicolae_shop_trees,
          minivault_25
D:2:      layout_basic, basic_altar, serial_shops, nicolae_shop_stone,
          ebering_ecumenical_altar_box
D:3:      layout_rooms, nzn_wu_jian_contemplation, uniq_robin

Skill      XL: |  1  2 |
---------------+-------+-----
Fighting       | 1 |  1.9
Spellcasting   | 3 |  3.4
Dodging        | |  2.1
Stealth        | |  1.5

Action                   |  1- 3 |  4- 6 || total
-------------------------+-------+-------++-------
Melee: Spear             |       |     7 ||     7
 Cast: Sandblast         |    48 |    17 ||    65
       Stone Arrow       |       |     4 ||     4
  Use: Potion            |       |     1 ||     1
Armor: Robe              |     8 |     4 ||    12
Dodge: Dodged            |    16 |     7 ||    23

Table legend: (Time is in decaauts)
 A = Elapsed time spent in this place.
 B = Non-inter-level travel time spent in this place.
 C = Inter-level travel time spent in this place.
 D = Time resting spent in this place.
 E = Time spent auto-exploring this place.
 F = Levels seen in this place.
 G = Mean time per level.
                   A        B        C        D        E       F      G
               +--------+--------+--------+--------+--------+-----+--------+
         Total |   2374 |   2256 |    118 |      0 |   1958 |   3 |  791.3 |
       Dungeon |   2374 |   2256 |    118 |      0 |   1958 |   3 |  791.3 |
               +--------+--------+--------+--------+--------+-----+--------+

Top non-repeatable levels by time:
     D:2: 1375 daAuts
     D:1: 839 daAuts
     D:3: 159 daAuts
